AoeStats
← gatormill

Arena

510660828Analyzed
2v2 RM · 1d ago on Oct 2, 2026· 49m 7s· 4 players
Game mode
Random Map
Map size
Medium (4 player)
Population
200
Speed
Normal
Resources
Standard
Victory
Conquest
Starting age
Dark Age
Ending age
Imperial Age
RankedLock teamsTeams togetherTeam positionsShared explorationLock speedFull tech treeHidden civsTurbo modeCheats
Victory
Defeat
🇺🇸 Persians · United States
492
+15
🇦🇷 Sicilians · Argentina
277
+24
🇺🇸 Tatars · United States
511
-21
🇺🇸 Bohemians · United States
417
-18
LAUTY71990
5:56 Loom
10:09 Loom
13:43 Feudal Age
15:21 Wheelbarrow
19:41 Castle Age
17:28 Horse Collar
18:34 Double-Bit Axe
24:00 Hand Cart
27:05 Padded Archer Armor
26:56 Fletching
27:16 Forging
29:04 Town Watch
29:02 Crossbowman
34:17 Leather Archer Armor
33:57 Bodkin Arrow
34:38 Iron Casting
34:04 Scale Mail Armor
35:45 First Crusade
39:06 Imperial Age
39:17 Elite Serjeant
43:03 Town Patrol
43:34 Onager
45:20 Capped Ram
gatormill
9:22 Feudal Age
10:12 Double-Bit Axe
21:16 Castle Age
19:33 Gold Mining
19:29 Horse Collar
20:12 Stone Mining
23:18 Gold Shaft Mining
26:56 Wheelbarrow
27:20 Kamandaran
35:20 Hand Cart
N00BN00B
9:51 Feudal Age
11:11 Wheelbarrow
10:21 Horse Collar
10:30 Double-Bit Axe
22:10 Castle Age
20:46 Scale Mail Armor
22:04 Fletching
23:22 Hand Cart
23:16 Heavy Plow
23:33 Bow Saw
24:33 Chain Mail Armor
25:58 Pikeman
28:06 Chemistry
32:50 Wagenburg Tactics
37:53 Imperial Age
37:03 Ballistics
39:45 Elite Hussite Wagon
42:14 Houfnice
44:28 Halberdier
46:25 Two-Man Saw
45:39 Hussite Reforms
48:21 Herbal Medicine
49:01 Theocracy
48:47 Heresy
48:48 Sanctity
48:29 Devotion
48:55 Illumination
48:45 Block Printing
48:41 Fervor
48:32 Atonement
48:44 Redemption
URLEFTNUT
12:10 Feudal Age
11:04 Loom
12:37 Double-Bit Axe
12:34 Horse Collar
13:32 Wheelbarrow
13:55 Arson
13:31 Man-at-Arms
18:29 Town Watch
20:50 Scale Barding Armor
20:57 Forging
20:50 Scale Mail Armor
21:00 Stone Mining
22:20 Gold Mining
26:19 Bloodlines
26:05 Fletching
28:37 Castle Age
27:19 Padded Archer Armor
37:27 Hand Cart
43:36 Silk Armor
46:05 Squires
45:27 Pikeman
46:13 Caravan
Connection lost

Rejoining the realm…

Still unreachable

The connection could not be restored.

Session expired

The server has moved on; the page needs a fresh start.